AoeStats
← igor41

Black Forest

509086269Analyzed
3v3 RM · 7d ago on Sep 25, 2026· 58m 48s· 6 players
Game mode
Random Map
Map size
Normal (6 player)
Population
200
Speed
Normal
Resources
Standard
Victory
Conquest
Starting age
Dark Age
Ending age
Imperial Age
RankedLock teamsTeams togetherTeam positionsShared explorationLock speedFull tech treeHidden civsTurbo modeCheats
Victory
Defeat
🇹🇼 Celts · Taiwan
1006
+38
🇪🇸 Spanish · Spain
1000
+40
🇪🇸 Japanese · Spain
977
+14
🇫🇷 Italians · France
1038
-17
🇫🇷 Goths · France
917
-13
🇫🇷 Khmer · France
848
-10
likkus
1:01 Loom
12:30 Feudal Age
13:52 Double-Bit Axe
14:13 Horse Collar
15:57 Wheelbarrow
19:36 Castle Age
20:25 Horse Collar
22:09 Bow Saw
21:59 Fishing Lines
24:18 Hand Cart
28:24 Imperial Age
26:29 Scale Mail Armor
26:39 Forging
26:42 Gillnets
28:12 Chain Mail Armor
28:10 Fortified Wall
27:56 Murder Holes
31:21 Chemistry
31:04 Conscription
30:39 Arson
30:54 Squires
30:15 Pikeman
33:18 Two-Man Saw
32:21 Heavy Plow
32:15 Gold Mining
33:28 Iron Casting
33:23 Plate Mail Armor
33:15 Man-at-Arms
33:40 Gambesons
34:32 Kataparuto
34:32 Elite Samurai
35:47 Plate Mail Armor
36:18 Blast Furnace
35:52 Treadmill Crane
38:57 Heavy Scorpion
41:58 Onager
44:06 Padded Archer Armor
43:57 Fletching
44:09 Elite Skirmisher
45:13 Leather Archer Armor
45:57 Siege Engineers
46:13 Ballistics
47:20 Ring Archer Armor
46:45 Bodkin Arrow
48:37 Yasama
49:51 Halberdier
50:44 Masonry
56:06 Arrowslits
Erato
0:28 Loom
12:17 Feudal Age
12:47 Double-Bit Axe
12:46 Horse Collar
17:40 Castle Age
18:37 Heavy Plow
21:48 Town Watch
23:11 Bow Saw
23:30 Fishing Lines
25:55 Forging
25:45 Scale Mail Armor
28:25 Imperial Age
26:55 Wheelbarrow
27:51 Gillnets
28:06 Gold Mining
28:11 Stone Mining
28:03 Pikeman
28:29 Gambesons
29:00 Caravan
29:33 Ballistics
30:52 Guilds
31:17 Hand Cart
33:26 Chemistry
32:32 Siege Engineers
33:36 Gold Shaft Mining
32:32 Halberdier
33:48 Forging
33:39 Scale Mail Armor
36:12 Iron Casting
35:53 Chain Mail Armor
35:40 Onager
36:17 Man-at-Arms
37:00 Long Swordsman
38:29 Two-Handed Swordsman
40:38 Conscription
41:44 Furor Celtica
41:09 Champion
44:10 Blast Furnace
43:41 Plate Mail Armor
44:46 Siege Onager
45:43 Capped Ram
47:30 Siege Ram
Just Endi
5:40 Loom
12:40 Feudal Age
14:48 Forging
14:43 Horse Collar
14:54 Double-Bit Axe
18:01 Wheelbarrow
19:19 Scale Barding Armor
20:15 Gold Mining
20:20 Town Watch
23:46 Castle Age
22:10 Fletching
24:45 Hand Cart
34:57 Heavy Plow
35:16 Inquisition
35:46 Town Patrol
40:02 Imperial Age
37:46 Bow Saw
39:15 Bodkin Arrow
39:55 Iron Casting
39:42 Chain Barding Armor
41:45 Ballistics
42:04 Supremacy
42:42 Masonry
45:50 Hoardings
45:52 Bracer
49:39 Elite Conquistador
50:59 Block Printing
50:58 Sappers
53:54 Fervor
54:59 Chemistry
54:41 Plate Barding Armor
55:40 Architecture
56:45 Onager
59:37 Conscription
igor41
11:50 Feudal Age
10:06 Loom
12:52 Double-Bit Axe
13:36 Horse Collar
17:43 Wheelbarrow
19:30 Scale Mail Armor
19:41 Forging
21:59 Castle Age
22:15 Stone Mining
22:16 Gold Mining
23:17 Bow Saw
23:10 Heavy Plow
23:47 Iron Casting
23:27 Chain Mail Armor
24:33 Squires
25:19 Stone Shaft Mining
25:32 Pikeman
29:03 Wheelbarrow
29:15 Fletching
30:09 Anarchy
36:45 Imperial Age
36:49 Man-at-Arms
36:51 Halberdier
40:57 Blast Furnace
43:01 Perfusion
43:47 Hand Cart
43:21 Town Watch
44:41 Long Swordsman
46:16 Onager
47:24 Two-Handed Swordsman
47:52 Champion
49:47 Elite Huskarl
poilon
10:59 Feudal Age
11:32 Double-Bit Axe
11:30 Horse Collar
15:32 Castle Age
13:27 Gold Mining
15:14 Loom
16:07 Wheelbarrow
15:23 Town Watch
17:26 Bow Saw
22:14 Scale Barding Armor
22:02 Fletching
22:13 Padded Archer Armor
25:40 Heavy Plow
26:03 Leather Archer Armor
25:46 Bodkin Arrow
26:23 Leather Archer Armor
27:36 Hand Cart
28:17 Silk Road
28:20 Caravan
30:18 Ballistics
30:18 Thumb Ring
34:42 Imperial Age
33:08 Crossbowman
34:19 Town Patrol
36:17 Crop Rotation
36:49 Two-Man Saw
35:52 Bracer
36:23 Ring Archer Armor
36:07 Pirotechnia
36:18 Conscription
37:06 Chemistry
35:58 Heated Shot
36:06 Murder Holes
36:24 Masonry
46:57 Arson
47:13 Squires
47:27 Forging
47:18 Scale Mail Armor
53:17 Iron Casting
52:57 Chain Mail Armor
55:23 Guilds
56:15 Arbalester
Charlon
11:51 Feudal Age
17:20 Castle Age
15:12 Double-Bit Axe
16:24 Gold Mining
20:59 Horse Collar
21:35 Bow Saw
22:08 Gold Shaft Mining
22:19 Wheelbarrow
21:35 Town Watch
32:16 Hand Cart
32:05 Heavy Plow
31:56 Stone Mining
35:27 Imperial Age
37:04 Tusk Swords
37:49 Elite Battle Elephant
41:02 Husbandry
44:57 Bloodlines
47:08 Tusk Swords
51:52 Coinage
Connection lost

Rejoining the realm…

Still unreachable

The connection could not be restored.

Session expired

The server has moved on; the page needs a fresh start.